 Dungeon Crawl Stone Soup version 0.29-a0-330-g52719c12eb (webtiles) character file.

Game seed: 16770949868429446957

14341 thiscave3701365 the Protected (level 11, -7/101 HPs)
             Began as a Minotaur Berserker on Apr 12, 2022.
             Was a Priest of Trog.
             Mangled by a 12-headed hydra (10 damage)
             ... on level 12 of the Dungeon.
             The game lasted 00:18:42 (15198 turns).

thiscave3701365 the Protected (Minotaur Berserker) Turns: 15198, Time: 00:18:43

Health: -7/101     AC: 25    Str: 25    XL:     11   Next: 87%
Magic:  10/10      EV: 10    Int:  4    God:    Trog [***...]
Gold:   770        SH:  0    Dex: 17    Spells: 10/10 levels left

rFire   . . .      SeeInvis +   y - +4 falchion (venom)
rCold   . . .      Faith    .   (no shield)
rNeg    . . .      Spirit   .   Q - +0 plate armour
rPois   .          Reflect  .   (helmet restricted)
rElec   .          Harm     .   K - +0 cloak
rCorr   .          Rampage  .   v - +2 pair of gloves
Will    .....                   F - +2 pair of boots
Stlth   ..........              m - amulet of the acrobat
HPRegen 0.26/turn               l - +6 ring of dexterity
MPRegen 0.12/turn               D - ring of see invisible

@: marked, on berserk cooldown, slowed, very slow
A: horns 2, retaliatory headbutt
a: Renounce Religion, Berserk, Trog's Hand


You were on level 12 of the Dungeon.
You worshipped Trog.
Trog was most pleased with you.
You visited 1 branch of the dungeon, and saw 12 of its levels.

You collected 770 gold pieces.

Inventory:

Hand Weapons
 i - the +6 whip of Fedhas, Bashing {venom, Will+ rCorr Str+4}
   (You found it on level 4 of the Dungeon)

   It poisons the flesh of those it strikes.
   Str:       It affects your strength (+4).
   rCorr:     It protects you from acid and corrosion.
   Will:      It increases your willpower.
 y - a +4 falchion of venom (weapon)
Armour
 v - a +2 pair of gloves (worn)
 F - a +2 pair of boots (worn)
 K - a +0 cloak (worn)
 Q - a +0 plate armour (worn)
Jewellery
 j - a +6 ring of strength
 l - a +6 ring of dexterity (left hand)
 m - an amulet of the acrobat (around neck)
 D - a ring of see invisible (right hand)
 J - a ring of poison resistance
 M - an amulet of guardian spirit
Wands
 f - a wand of iceblast (4)
 G - a wand of polymorph (8)
 I - a wand of acid (8)
 O - a wand of charming (8)
Scrolls
 a - 5 scrolls of amnesia
 d - 2 scrolls of magic mapping
 g - a scroll of torment
 h - 4 scrolls of fog
 n - 2 scrolls of brand weapon
 p - 3 scrolls of fear
 q - a scroll of silence
 u - 4 scrolls of teleportation
 w - a scroll of blinking
 x - 3 scrolls of enchant armour
 N - a scroll of acquirement {unknown}
 P - a scroll of identify
Potions
 b - 4 potions of magic
 c - a potion of might {unknown}
 e - 3 potions of curing
 k - 9 potions of heal wounds
 o - a potion of invisibility {unknown}
 r - 3 potions of haste
 s - 3 potions of brilliance {unknown}
 t - 4 potions of flight
 z - 2 potions of cancellation
 A - a potion of berserk rage {unknown}
 B - 2 potions of lignification {unknown}
 C - a potion of degeneration {unknown}
 H - 3 potions of mutation {unknown}
 L - 2 potions of ambrosia {unknown}


   Skills:
 + Level 10.4 Fighting
 - Level 14.0 Long Blades
 + Level 14.9 Armour
 + Level 5.0 Dodging
 + Level 1.8 Stealth
 + Level 0.4 Unarmed Combat


You had 10 spell levels left.
You didn't know any spells.
Your spell library was empty.

Dungeon Overview and Level Annotations

Branches:
Dungeon (12/15)            Temple (0/1) D:6            Lair (0/6) D:10
    Orc (0/2) D:10

Altars:
Ashenzari
Cheibriados
Gozag
Kikubaaqudgha
Qazlal
Trog
Uskayaw
Vehumet
Wu Jian
Xom
Yredelemnul
Zin
The Shining One
Beogh

Shops:
D:1 *   D:9 *:?**   D:10 (**

Annotations:
D:9 1 runed translucent door, yunder69's ghost, novice MiBe
D:11 4 transporters, Ichabod's ghost, journeyman MiBe


Innate Abilities, Weirdness & Mutations

You have a pair of horns on your head.
You reflexively headbutt those who attack you in melee.


Message History

The ten-headed hydra is severely wounded.
The ten-headed hydra bites you.
The ten-headed hydra bites you but does no damage.
The ten-headed hydra bites you.
* * * LOW HITPOINT WARNING * * *
The ten-headed hydra bites you but does no damage. x4
The ten-headed hydra bites you.
* * * LOW HITPOINT WARNING * * *
The ten-headed hydra completely misses you.
The ten-headed hydra barely misses you. The manticore closely misses you.
The manticore claws you.
* * * LOW HITPOINT WARNING * * *
The manticore claws you!
* * * LOW HITPOINT WARNING * * *
You slice one of the ten-headed hydra's heads off!
The nine-headed hydra grows two more!
You hit the 11-headed hydra.
The 11-headed hydra is poisoned.
Your headbutt misses the 11-headed hydra.
The 11-headed hydra is heavily wounded.
You hit the 11-headed hydra.
The 11-headed hydra is severely wounded.
The 11-headed hydra closely misses you.
The 11-headed hydra bites you but does no damage.
The 11-headed hydra misses you.
The 11-headed hydra bites you but does no damage.
The 11-headed hydra closely misses you.
The 11-headed hydra bites you but does no damage. x4
The 11-headed hydra barely misses you. The 11-headed hydra closely misses you.
The manticore bites you!
* * * LOW HITPOINT WARNING * * *
The manticore claws you but does no damage. x2
Unknown command.
You hack one of the 11-headed hydra's heads off!
The ten-headed hydra grows two more!
You slash the 12-headed hydra!
The 12-headed hydra looks as sick as possible!
The 12-headed hydra is heavily wounded.
The 12-headed hydra bites you!
* * * LOW HITPOINT WARNING * * *
The 12-headed hydra bites you!
You die...

#.# #.# #!# ####### #.#
#.....###.# #####
#.#.....(.########
##...####.#.####.........##
.....).....................
...............D@...)......
..........#....H...........
##...######.####.........##
#...######.# #.....[.....
#..........# #...........
##.........# #...........
#.........## #...........
##########...# #...........
..##.....'...#


You could see a 12-headed hydra (extremely poisoned) and a manticore.

Vanquished Creatures
  2 hydras (D:11)
  A boulder beetle (D:11)
  Fannar (D:12)
  2 two-headed ogres
  3 ugly things
  Pikel (D:7)
  A deep elf pyromancer (D:12)
  2 cyclopes (D:12)
  A gargoyle (D:11)
  A kobold demonologist (D:12)
  Psyche (D:8)
  A freezing wraith (D:8)
  Prince Ribbit (D:7)
  2 trolls (D:10)
  A shadow (D:10)
  A vampire (D:12)
  A wraith (D:12)
  6 yaks
  2 vampire mosquitoes (D:11)
  An acid dragon (D:11)
  Duvessa (D:7)
  2 water moccasins
  2 sky beasts
  3 black bears
  5 orc warriors
  5 wolves (D:10)
  2 ogres (D:6)
  2 centaurs
  3 lemures (D:7)
  A kobold brigand (D:9)
  6 bullfrogs
  A necrophage (D:4)
  2 scorpions
  3 wights (D:4)
  A wyvern skeleton (D:5)
  Dowan (D:7)
  7 howler monkeys
  4 electric eels (D:10)
  7 hounds
  A bullfrog zombie (D:5)
  2 jellies
  8 orc priests
  A human zombie (D:4)
  7 iguanas
  8 orc wizards
  Terence (D:3)
  A scorpion zombie (D:4)
  A killer bee zombie (D:5)
  2 hound zombies (D:4)
  3 mummies (D:4)
  4 gnolls (D:8)
  6 adders
  2 shadow imps
  A white imp (D:8)
  2 ufetubi
  An adder zombie (D:4)
  A worm (D:4)
  The ghost of pickled the Covert, a weakling GnDe (D:5)
  2 dart slugs
  50 orcs
  4 bats
  6 endoplasms
  6 goblins
  7 hobgoblins
  3 jackals (D:2)
  2 quokkas
  4 ball pythons
  3 frilled lizards
  8 kobolds
  5 rats
243 creatures vanquished.

Vanquished Creatures (others)
  A plant (D:10)
1 creature vanquished.

Grand Total: 244 creatures vanquished

Notes
Turn   | Place    | Note
-------+----------+-------------------------------------------
     0 | D:1      | thiscave3701365 the Minotaur Berserker began the quest for
                  | the Orb.
     0 | D:1      | Reached XP level 1. HP: 19/19 MP: 0/0
   233 | D:1      | Reached XP level 2. HP: 27/27 MP: 1/1
   362 | D:1      | Found Peapsic's Assorted Antiques.
   971 | D:1      | Reached ** piety under Trog
   990 | D:1      | Reached XP level 3. HP: 33/33 MP: 2/2
  1191 | D:2      | Found a faded altar of an unknown god.
  1305 | D:2      | Reached skill level 5 in Long Blades
  1566 | D:2      | Reached XP level 4. HP: 38/40 MP: 3/3
  2023 | D:3      | Noticed Terence
  2031 | D:3      | Killed Terence
  2197 | D:3      | Found a broken altar of Ashenzari.
  2625 | D:4      | Reached XP level 5. HP: 30/46 MP: 4/4
  2977 | D:4      | Found a basalt altar of Yredelemnul.
  3239 | D:4      | Found an ancient bone altar of Kikubaaqudgha.
  3294 | D:4      | Reached XP level 6. HP: 38/52 MP: 5/5
  3875 | D:4      | Reached XP level 7. HP: 59/59 MP: 6/6
  3911 | D:5      | Entered Level 5 of the Dungeon
  4199 | D:5      | Reached skill level 10 in Long Blades
  4627 | D:5      | Found a runed translucent gate.
  4628 | D:5      | Found a runed translucent gate.
  4629 | D:5      | Found a runed translucent gate.
  4631 | D:5      | Noticed pickled's ghost (weakling GnDe)
  5078 | D:5      | Reached XP level 8. HP: 66/66 MP: 7/7
  5082 | D:5      | Killed pickled's ghost
  5261 | D:4      | Identified the +6 whip of Fedhas, Bashing {venom, Will+
                  | rCorr Str+4}
  6631 | D:6      | Found a staircase to the Ecumenical Temple.
  6807 | D:6      | Noticed a two-headed ogre
  6817 | D:6      | Killed a two-headed ogre
  6818 | D:6      | Reached XP level 9. HP: 23/73 MP: 8/8
  7339 | D:7      | Reached skill level 5 in Fighting
  7396 | D:7      | Noticed Pikel
  7401 | D:7      | Reached skill level 5 in Armour
  7414 | D:7      | Killed Pikel
  7719 | D:7      | Noticed Duvessa
  7719 | D:7      | Noticed Dowan
  7727 | D:7      | Killed Duvessa
  7728 | D:7      | Reached skill level 1 in Stealth
  7733 | D:7      | Killed Dowan
  8017 | D:7      | Noticed Prince Ribbit
  8036 | D:7      | Killed Prince Ribbit
  8060 | D:7      | Found a bloodstained altar of Trog.
  8060 | D:7      | Found a stormy altar of Qazlal.
  8072 | D:7      | Found a hide-covered altar of Uskayaw.
  8075 | D:7      | Found a glowing golden altar of the Shining One.
  8077 | D:7      | Found an opulent altar of Gozag.
  8082 | D:7      | Found an ornate altar of the Wu Jian Council.
  8100 | D:7      | Reached *** piety under Trog
  8647 | D:8      | Noticed a green ugly thing
  8656 | D:8      | Killed a green ugly thing
  8657 | D:8      | Reached XP level 10. HP: 84/84 MP: 9/9
  9864 | D:8      | Noticed Psyche
  9873 | D:8      | Killed Psyche
 10219 | D:9      | Found Loatouni's Magic Scroll Emporium.
 10232 | D:9      | Found Qemoac Ywua's Assorted Antiques.
 10293 | D:9      | Noticed a two-headed ogre
 10297 | D:9      | Reached skill level 10 in Armour
 10301 | D:9      | Found a runed translucent door.
 10466 | D:9      | Killed a two-headed ogre
 10628 | D:9      | Found Sipegh's General Store.
 10765 | D:9      | Found Vuemoy's Book Shop.
 11058 | D:9      | Found Feex's General Store.
 11192 | D:9      | Noticed yunder69's ghost (novice MiBe)
 11365 | D:10     | Entered Level 10 of the Dungeon
 11378 | D:10     | Found a snail-covered altar of Cheibriados.
 11388 | D:10     | Noticed a brown ugly thing
 11682 | D:10     | Killed a brown ugly thing
 12077 | D:10     | Found a staircase to the Lair.
 12222 | D:10     | Reached XP level 11. HP: 95/95 MP: 10/10
 12339 | D:10     | Found Rehid's Assorted Antiques.
 12596 | D:10     | Found a glowing silver altar of Zin.
 12617 | D:10     | Found Gack's Weapon Emporium.
 12650 | D:10     | Found a staircase to the Orcish Mines.
 12858 | D:10     | Found a shimmering altar of Xom.
 12858 | D:10     | Found a radiant altar of Vehumet.
 12952 | D:10     | Found Etah's Assorted Antiques.
 13178 | D:11     | Noticed a boulder beetle
 13187 | D:11     | Killed a boulder beetle
 13587 | D:11     | Noticed a deep elf knight
 13595 | D:11     | Found a transporter.
 13613 | D:11     | Noticed a green ugly thing
 13626 | D:11     | Killed a green ugly thing
 14145 | D:11     | Noticed a six-headed hydra
 14162 | D:11     | Killed a 16-headed hydra
 14448 | D:11     | Found a transporter.
 14457 | D:11     | Noticed Ichabod's ghost (journeyman MiBe)
 14458 | D:11     | Noticed a boulder beetle
 14459 | D:11     | Noticed an orc knight
 14465 | D:11     | Noticed an orc knight
 14468 | D:11     | Found a transporter.
 14493 | D:11     | Found a transporter.
 14617 | D:11     | Noticed a six-headed hydra
 14626 | D:11     | Killed a 12-headed hydra
 15025 | D:12     | Noticed a deep elf pyromancer
 15032 | D:12     | Reached skill level 10 in Fighting
 15036 | D:12     | Killed a deep elf pyromancer
 15127 | D:12     | Reached skill level 5 in Dodging
 15173 | D:12     | Noticed Fannar
 15178 | D:12     | Noticed a six-headed hydra
 15184 | D:12     | Killed Fannar
 15198 | D:12     | HP: 3/101 [12-headed hydra (9)]
 15198 | D:12     | Mangled by a 12-headed hydra

Illustrated notes

Levels and vault maps discovered:
D:1:      scummos_arrival_star, layout_loops_corners, serial_shops, shop
D:2:      layout_basic, basic_ecumenical_altar
D:3:      layout_rooms, mainiacjoe_overflow_boulevard, uniq_terence
D:4:      layout_basic, lemuel_mausoleum_altar_kikubaaqudgha,
          mainiacjoe_overflow_chevrons, kennysheep_generic_room_5
D:5:      layout_basic, gammafunk_ghost_necromancy
D:6:      layout_rooms, temple_hall
D:7:      layout_cave_pods, nicolae_overflow_hallway_of_the_gods,
          uniq_prince_ribbit1, uniq_duvessa, uniq_pikel
D:8:      layout_cave_pods, enter_bailey_5, kennysheep_just_a_vault, uniq_psyche
D:9:      layout_rooms, serial_aquarium, aquarium_bridge_square
          [aquarium_subvault_window, aquarium_subvault_bridge,
          aquarium_subvault_window, aquarium_subvault_bridge],
          aquarium_bridge_square [aquarium_subvault_wall,
          aquarium_subvault_window, aquarium_subvault_bridge,
          aquarium_subvault_bridge], aquarium_window_corridor_2,
          aquarium_window_fake, aquarium_window_fake, aquarium_window_2,
          aquarium_view_2d, aquarium_pool_four, serial_shops, shop_statue, shop,
          nicolae_square_shop, nicolae_shop_trees, nicolae_shop_statue_plus,
          ebering_ghost_inner_flame
D:10:     layout_basic, mainiacjoe_overflow_cross_hatched,
          mainiacjoe_overflow_divided_tiny, mainiacjoe_overflow_alcove_1,
          erik_lair_island, special_room [special_room_orc], serial_shops,
          nicolae_shop_overgrown_old_shop, nicolae_shop_bloodbath_and_beyond,
          nicolae_stop_n_shop_2
D:11:     gammafunk_wand_slinger, layout_cave_pods, nzn_ghost_randoct
D:12:     layout_basic, portal_ice_cave_entry_pillars_2, uniq_fannar

Skill      XL: |  1  2  3  4  5  6  7  8  9 10 11 |
---------------+----------------------------------+-----
Fighting       | 4 6 8 10 | 10.4
Long Blades    | 4 5 6 7 9 11 14 | 14.0
Armour         | 4 8 11 14 | 14.9
Dodging        | 3 4 5 |  5.0
Stealth        | 1 |  1.8
Unarmed Combat | |  0.4

Action                   |  1- 3 |  4- 6 |  7- 9 | 10-12 || total
-------------------------+-------+-------+-------+-------++-------
Melee: Falchion          |    85 |   107 |   241 |   342 ||   775
       Punch             |     1 |     1 |     3 |     3 ||     8
       Headbutt          |     4 |    28 |    44 |    77 ||   153
       Unarmed           |       |       |       |     2 ||     2
Invok: Berserk           |       |     4 |    11 |    18 ||    33
  Use: Potion            |       |       |     2 |       ||     2
       Scroll            |       |       |    18 |       ||    18
Armor: Animal skin       |     5 |       |       |       ||     5
       Scale mail        |    14 |    29 |    13 |       ||    56
       Chain mail        |       |       |    65 |    64 ||   129
       Plate armour      |       |       |       |   105 ||   105
Dodge: Dodged            |    59 |    44 |   121 |   172 ||   396

Table legend: (Time is in decaauts)
 A = Elapsed time spent in this place.
 B = Non-inter-level travel time spent in this place.
 C = Inter-level travel time spent in this place.
 D = Time resting spent in this place.
 E = Time spent auto-exploring this place.
 F = Levels seen in this place.
 G = Mean time per level.
                   A        B        C        D        E       F      G
               +--------+--------+--------+--------+--------+-----+--------+
         Total |  15315 |  14614 |    701 |   4682 |   8460 |  12 | 1276.2 |
       Dungeon |  15315 |  14614 |    701 |   4682 |   8460 |  12 | 1276.2 |
               +--------+--------+--------+--------+--------+-----+--------+

Top non-repeatable levels by time:
     D:6: 2045 daAuts
    D:11: 1824 daAuts
     D:8: 1727 daAuts
    D:10: 1560 daAuts
     D:7: 1423 daAuts
     D:4: 1382 daAuts
     D:5: 1378 daAuts
     D:9: 1209 daAuts
     D:1: 1195 daAuts
     D:2: 833 daAuts
     D:3: 561 daAuts
    D:12: 172 daAuts
